Map: 10000 Feet LE

Players

adib

  • Race: Terran Terran
  • League: Silver
  • Spawn Location: 5:00

A.I. 1 (Elite) - Winner!

  • Race: Terran Terran
  • Spawn Location: 11:00

VOD

Have the link to the VOD?

Description

Time

  • Played on: Aug. 15, 2026, 11:35 p.m.
  • Length: 10:10
Show
View Real Time Build Order
Export as new Build Order

adib Terran 

Build Orders: Reaper Expand 

Get SALT Encoding   

  8  0:01  SCV  
  9  0:13  SCV  
  10  0:27  SCV  
  11  0:29  Supply Depot  
  11  0:39  SCV  
  12  0:51  SCV  
  13  0:59  Barracks  
  13  1:05  Refinery  
  13  1:08  SCV  
  14  1:21  SCV  
  15  1:37  SCV  
  16  1:52  Supply Depot  
  16  1:53  Orbital Command  
  16  1:58  Reaper  
  17  2:25  Command Center, SCV  
  18  2:32  Marine  
  19  2:41  Factory  
  19  3:01  Refinery  
  19  3:04  Barracks Reactor  
  18  3:37  Factory Tech Lab  
  18  3:39  Orbital Command  
  18  3:40  SCV  
  19  3:52  Supply Depot  
  19  3:53  SCV  
  19  3:54  Supply Depot  
  20  3:58  Barracks  
  20  4:05  SCV  
  20  4:09  Barracks  
  21  4:12  Orbital Command  
  21  4:17  SCV  
  22  4:24  Marine x2  
  24  4:33  Siege Tank  
  27  4:42  Reaper  
  28  4:46  SCV x2  
  30  4:53  Marine  
  30  4:58  SCV  
  32  5:00  Barracks Tech Lab  
  32  5:01  Barracks Tech Lab  
  32  5:11  Siege Tank  
  32  5:12  Marine  
  36  5:14  Bunker  
  36  5:16  Marine  
  37  5:27  Marine  
  37  5:28  Marine  
  38  5:29  Marine  
  38  5:32  SCV x2  
  38  5:33  Marine  
  43  5:39  Supply Depot  
  43  5:43  Siege Tank, Supply Depot  
  43  5:44  SCV x2  
  47  6:27  Marine  
  47  6:28  Marine x3  
  47  6:29  Siege Tank  
  54  6:45  Marine x2  
  54  6:46  Marine x2  
  51  6:51  SCV x2  
  53  6:57  Refinery  
  53  7:00  Stimpack  
  53  7:01  Siege Tank, Combat Shield  
  53  7:03  SCV x2  
  53  7:04  Marauder x2  
  62  7:09  Starport  
  62  7:15  SCV x2  
  64  7:25  Marauder x2  
  68  7:33  Command Center  
  46  8:30  Marine x3  
  46  8:31  Marine  
  46  8:34  Siege Tank  
  50  8:46  Starport Reactor  
  50  8:48  Marine  
  50  8:49  Marauder x2  
  50  8:54  Engineering Bay  
  55  8:56  Engineering Bay  
  55  9:06  Siege Tank  
  58  9:10  Marauder  
  58  9:17  Marine x3  
  60  9:21  Armory  
  63  9:31  Barracks, Marine, Factory  
  63  9:32  Barracks  
  63  9:38  Siege Tank  
  67  9:39  Starport  
Show
View Real Time Build Order
Export as new Build Order

A.I. 1 (Elite) Terran - Winner!

Build Orders:  

Get SALT Encoding   

  8  0:00  SCV  
  9  0:13  SCV  
  10  0:25  SCV  
  11  0:37  SCV  
  12  0:46  Supply Depot  
  12  0:49  SCV  
  13  1:08  SCV  
  14  1:15  Refinery  
  14  1:20  SCV  
  14  1:24  Command Center  
  15  1:32  SCV  
  16  1:44  SCV  
  17  1:54  Barracks  
  17  1:56  SCV  
  18  2:08  SCV  
  19  2:09  Supply Depot  
  19  2:20  SCV  
  20  2:41  Marine  
  20  2:44  Factory  
  21  2:47  Barracks  
  21  2:49  SCV  
  22  3:00  Orbital Command  
  22  3:04  Marine  
  23  3:19  SCV  
  24  3:22  Marine  
  24  3:26  Refinery  
  25  3:33  SCV, Marine  
  27  3:35  Supply Depot  
  27  3:45  Orbital Command  
  27  3:47  Marine  
  28  3:49  SCV  
  29  3:56  Marine  
  29  4:01  SCV  
  31  4:04  Marine  
  32  4:10  SCV  
  32  4:13  SCV, Marine  
  35  4:22  Marine  
  35  4:23  Barracks, SCV  
  37  4:25  SCV  
  38  4:32  Barracks Tech Lab, Factory Tech Lab  
  38  4:35  SCV  
  38  4:38  SCV  
  40  4:41  Barracks Tech Lab  
  40  4:47  SCV  
  40  4:50  SCV, Marine  
  40  4:52  Supply Depot  
  43  4:53  Stimpack  
  43  4:59  SCV, Marine  
  45  5:02  SCV  
  46  5:09  Marauder, Marine  
  46  5:11  SCV  
  51  5:14  SCV  
  51  5:18  Marauder  
  51  5:19  Supply Depot  
  53  5:23  Combat Shield, SCV  
  53  5:24  Engineering Bay  
  53  5:26  SCV  
  55  5:30  Marauder  
  55  5:35  SCV  
  58  5:38  Command Center  
  58  5:41  Marauder  
  58  5:42  Supply Depot  
  60  5:44  SCV  
  60  5:47  SCV  
  62  5:51  Marauder  
  62  5:52  Terran Infantry Weapons Level 1  
  62  5:56  SCV  
  65  5:59  SCV  
  68  6:04  Marauder  
  68  6:05  Engineering Bay  
  68  6:08  Supply Depot  
  68  6:11  SCV  
  68  6:12  SCV  
  68  6:13  Marauder  
  71  6:19  Barracks Reactor  
  71  6:24  SCV x2  
  73  6:28  Refinery  
  73  6:30  Siege Tank, Marauder  
  73  6:31  Terran Infantry Armor Level 1  
  78  6:33  Supply Depot  
  78  6:34  Marine  
  78  6:36  SCV  
  78  6:38  SCV  
  80  6:40  Concussive Shells  
  80  6:46  Refinery  
  76  6:50  SCV  
  76  6:51  Marine, SCV, Missile Turret  
  76  6:52  Marauder  
  81  6:54  Marine  
  81  6:55  Marine  
  81  6:57  Supply Depot  
  83  7:03  SCV, Missile Turret  
  83  7:07  Siege Tank  
  83  7:08  SCV x2, Marine  
  88  7:12  Marine  
  88  7:13  Marauder  
  88  7:15  SCV  
  94  7:20  SCV  
  94  7:21  Orbital Command  
  95  7:27  SCV  
  96  7:30  Missile Turret  
  96  7:32  Missile Turret, SCV  
  96  7:34  Supply Depot  
  97  7:39  Barracks, SCV, Siege Tank  
  97  7:42  Starport  
  101  7:44  SCV  
  103  7:51  SCV  
  103  7:52  SCV  
  103  7:56  Marine, SCV  
  106  8:01  Marine  
  106  8:02  Supply Depot  
  106  8:03  SCV  
  110  8:05  Marauder  
  110  8:09  SCV x2  
  110  8:11  Siege Tank  
  112  8:13  Marine  
  112  8:14  Marauder  
  112  8:15  SCV  
  112  8:19  Marine  
  90  8:20  Starport Reactor  
  90  8:21  SCV  
  90  8:22  SCV  
  90  8:25  Marine  
  91  8:27  Marauder, SCV  
  91  8:31  Marine  
  91  8:33  SCV  
  94  8:36  Marauder  
  94  8:37  Marine  
  97  8:43  Marine, Siege Tank  
  97  8:48  Marauder  
  103  8:49  Marine  
  103  8:51  Armory  
  104  8:56  Medivac, Marine  
  104  8:58  Medivac  
  104  9:01  Marine  
  104  9:02  Supply Depot, Marine  
  111  9:07  Marine  
  111  9:09  Marauder  
  114  9:14  Marine  
  114  9:15  Missile Turret, Siege Tank  
  118  9:20  Refinery  
  118  9:23  Refinery  
  118  9:27  Supply Depot  
  118  9:31  Marauder  
  120  9:32  Command Center  
  120  9:33  Marauder  
  120  9:38  Marine  
  123  9:39  Marine  
  123  9:40  Armory  
  123  9:43  Missile Turret  
  124  9:48  Widow Mine  
  124  9:51  Supply Depot  
  126  10:03  Missile Turret  
Tags
 
League
Silver
Matchup
TvT
Race
Terran
Spawn Locations
Cross Positions
Add a new tag
Caveats
  • Supply blocks, unpowered buildings, or Contaminate may cause inaccurate times.
  • Supply counts are checked every 10 seconds.